AoeStats
← Weddingesther

Arena

510149880Analyzed
1v1 RM · 18h ago on Sep 29, 2026· 45m 48s· 2 players
Game mode
Random Map
Map size
Tiny (2 player)
Population
200
Speed
Normal
Resources
Standard
Victory
Conquest
Starting age
Dark Age
Ending age
Imperial Age
RankedLock teamsTeams togetherTeam positionsShared explorationLock speedFull tech treeHidden civsTurbo modeCheats
Victory
Defeat
🇪🇸 Bengalis · Spain
345
+19
🇪🇸 Burgundians · Spain
414
-19
Weddingesther
10:41 Feudal Age
12:49 Double-Bit Axe
14:11 Bow Saw
14:54 Horse Collar
20:44 Castle Age
19:38 Stone Mining
19:41 Gold Mining
20:39 Scale Barding Armor
20:45 Forging
20:38 Scale Mail Armor
20:46 Heavy Plow
21:33 Stone Shaft Mining
21:48 Gold Shaft Mining
26:08 Chain Barding Armor
29:16 Sanctity
28:59 Devotion
31:33 Chain Mail Armor
31:40 Husbandry
31:50 Squires
31:34 Cavalier
34:07 Two-Man Saw
34:01 Herbal Medicine
34:29 Fervor
33:46 Pikeman
34:13 Arson
34:53 Loom
35:43 Wheelbarrow
34:54 Town Watch
44:04 Hand Cart
43:51 Town Patrol
joseignaciolucas1970
12:02 Feudal Age
12:34 Horse Collar
12:44 Double-Bit Axe
19:26 Castle Age
21:09 Wheelbarrow
20:20 Loom
22:28 Heavy Plow
28:16 Hand Cart
32:12 Gold Mining
32:13 Stone Mining
36:01 Imperial Age
36:04 Forging
35:55 Scale Mail Armor
35:56 Padded Archer Armor
35:47 Fletching
35:20 Elite Skirmisher
35:21 Crossbowman
36:07 Pikeman
36:08 Man-at-Arms
36:34 Gambesons
36:50 Squires
36:45 Elite Battle Elephant
38:36 Halberdier
38:37 Long Swordsman
41:19 Iron Casting
40:59 Chain Mail Armor
41:00 Leather Archer Armor
40:41 Bodkin Arrow
42:39 Arson
43:45 Arbalester
46:22 Blast Furnace
45:23 Bracer
45:54 Ring Archer Armor
44:48 Two-Handed Swordsman
Connection lost

Rejoining the realm…

Still unreachable

The connection could not be restored.

Session expired

The server has moved on; the page needs a fresh start.